 Dungeon Crawl Stone Soup version 0.15-a0-429-gf5d7e11 (webtiles) character file.

154 PolkaDot the Vexing (level 4, 0/30 HPs)
             Began as a Vampire Enchanter on May 6, 2014.
             Slain by a killer bee (4 damage)
             ... on Level 2 of the Dungeon.
             The game lasted 00:06:12 (1780 turns).

PolkaDot the Vexing (Vampire Enchanter)             Turns: 1780, Time: 00:06:12

HP   0/30        AC  3     Str  7      XL: 4   Next: 37%
MP   7/7         EV 12     Int 17      God:
Gold 61          SH  0     Dex 15      Spells:  2 memorised,  4 levels left

rFire  . . .     SeeInvis +     a - +1 dagger
rCold  + . .     Clarity  .     e - +1 robe {MR+}
rNeg   + + .     Conserve .     (no shield)
rPois  +         rCorr    .     (no helmet)
rElec  .         rRot     +     (no cloak)
SustAb . .       Spirit   .     (no gloves)
rMut   .         Warding  .     (no boots)
Saprov . . .     Stasis   .     (no amulet)
MR     +....                    (no ring)
                                (no ring)

@: regenerating slowly, lethally poisoned, somewhat resistant to hostile
enchantments, fairly stealthy
A: fangs 3, see invisible, unbreathing
a: Bat Form


You were on level 2 of the Dungeon.
You were very thirsty.

You visited 1 branch of the dungeon, and saw 3 of its levels.

You collected 61 gold pieces.

Inventory:

Hand weapons
 a - a +1,+1 dagger (weapon)
Missiles
 d - 12 darts (quivered)
Armour
 e - a +1 robe of magic resistance (worn)
Scrolls
 b - a scroll of recharging {unknown}
 h - 4 scrolls of identify {unknown}
 j - 2 scrolls of teleportation {unknown}
 k - a scroll of immolation {unknown}
 l - a scroll of remove curse {unknown}
Potions
 f - a potion of cure mutation {unknown}
 g - 3 potions of curing {unknown}
 i - a potion of haste {unknown}
 m - a potion of degeneration {unknown}
 n - a potion of restore abilities {unknown}
Books
 c - a book of Maledictions

   Spells                             Type                      Level
   *Corona                            Hexes                        1
   Sure Blade                         Hexes/Charms                 2
   *Ensorcelled Hibernation           Hexes/Ice                    2
   Confuse                            Hexes                        3
   Dazzling Spray                     Conjuration/Hexes            3
   Enslavement                        Hexes                        4


   Skills:
 + Level 1.8 Short Blades
 - Level 0.7 Throwing
 - Level 2.1 Dodging
 + Level 4.3 Stealth
 - Level 2.0 Spellcasting
 * Level 6.6 Hexes


You had 4 spell levels left.
You knew the following spells:

 Your Spells              Type           Power        Failure   Level  Hunger
a - Corona                Hex            ###....      1%          1    #......
d - Ensorcelled Hibernat  Hex/Ice        ##....       10%         2    ###....


Dungeon Overview and Level Annotations

Branches:
Dungeon (3/15)

Altars:

Annotations:
D:3 flammableBen's ghost, average SpEn


Innate Abilities, Weirdness & Mutations

You heal slowly.
You have razor-sharp teeth.*
You have supernaturally acute eyesight.
You can survive without breathing.*


Message History

FlammableBen's ghost gestures at you while chanting.
You resist with almost no effort.
An adder and a rat come into view.
The killer bee misses you. The killer bee stings you!
The killer bee buzzes angrily.
The killer bee stings you.
You are poisoned.
The killer bee poisons you! The killer bee barely misses you.
FlammableBen's ghost points at you and mumbles some strange words.
You resist with almost no effort. The killer bee barely misses you.
The killer bee stings you. FlammableBen's ghost hits you.
* * * LOW HITPOINT WARNING * * *
You climb upwards.
* * * LOW HITPOINT WARNING * * *
You feel sick.
There is a stone staircase leading down here.
The killer bee stings you.
* * * LOW HITPOINT WARNING * * *
The killer bee misses you. The killer bee stings you.
You die...

#..).....#
####........#
#...........#
#...........#
#...(....####
#.........#
##.........#######
#yy........'......
#@######...####...
#.....##...# #...
#.###.##...# #...
#.# #.##...# #...
#.# #.#....#######
#.# #.#..###......
#.# #.#...........
###.###.##.##.......
#..........##.#####.


You could see 2 killer bees.

Vanquished Creatures
  Jessica (D:2)
  2 adders (D:2)
  2 giant geckos
  An ooze (D:1)
  2 ball pythons (D:1)
  5 goblins
  8 hobgoblins
  6 jackals
  2 quokkas (D:2)
  10 bats
  2 giant cockroaches
  4 giant newts
  3 kobolds
  7 rats
55 creatures vanquished.

Notes
Turn   | Place    | Note
--------------------------------------------------------------
     0 | D:1      | PolkaDot, the Vampire Enchanter, began the quest for the Orb.
     0 | D:1      | Reached XP level 1. HP: 13/13 MP: 3/3
   248 | D:1      | Reached XP level 2. HP: 14/19 MP: 4/4
   372 | D:1      | Reached skill level 5 in Hexes
   646 | D:1      | Learned a level 2 spell: Ensorcelled Hibernation
   815 | D:2      | Reached XP level 3. HP: 20/24 MP: 6/6
  1013 | D:2      | Noticed Jessica
  1017 | D:2      | Killed Jessica
  1017 | D:2      | Reached skill level 6 in Hexes
  1437 | D:2      | Reached XP level 4. HP: 30/30 MP: 4/7
  1774 | D:3      | Noticed flammableBen's ghost (average SpEn)
  1780 | D:2      | Slain by a killer bee

Action                   |  1- 3 |  4- 6 || total
-------------------------+-------+-------++-------
Melee: Dagger            |   144 |    25 ||   169
Throw: Dart              |     3 |       ||     3
 Cast: Corona            |     3 |       ||     3
       Ensorcelled Hiber |     6 |     5 ||    11
  Use: Potion            |     1 |       ||     1
 Stab: Sleeping          |    17 |     4 ||    21
